 Dungeon Crawl Stone Soup version 0.31-a0-473-g61b50ae490 (webtiles) character file.

Game seed: 779748274539318566

144 Ofeo the Ruffian (level 5, -3/35 HPs)
             Began as an Octopode Shapeshifter on Aug 6, 2023.
             Slain by a river rat (10 damage)
             ... in a sewer.
             The game lasted 00:02:48 (3243 turns).

Ofeo the Ruffian (Octopode Shapeshifter)            Turns: 3243, Time: 00:02:49

Health: -3/35      AC:  1    Str: 15    XL:     5   Next: 26%
Magic:  5/5        EV: 14    Int: 10    God:
Gold:   206        SH:  0    Dex: 14    Spells: 4/4 levels left

rFire   . .          .
                       - Unarmed
rCold   . . .        (no shield)
rNeg    . . .        (helmet currently unavailable)
rPois   .            (no amulet)
rElec   .            (no ring)
rCorr   .            (no ring)
SInv    .            (no ring)
Will    .....        (no ring)
Stlth   ++           (no ring)
HPRegen 0.25/turn    (no ring)
MPRegen 0.09/turn    (no ring)
                     (no ring)

%: no passive effects
@: beast-form
A: beast (slay +2), almost no armour, amphibious, 8 rings, camouflage 1,
gelatinous body 1, (nimble swimmer 1), tentacles
a: Begin Untransformation


You were in a sewer.
You were a hulking beast.
You visited 1 branch of the dungeon, and saw 3 of its levels.
You also visited: Sewer.

You collected 206 gold pieces.

Inventory:

Jewellery
 n - a ring of flight
Talismans
 b - a beast talisman (active)
 m - a maw talisman
Scrolls
 a - a scroll of noise {unknown}
 c - a scroll of teleportation {@r3}
 h - 2 scrolls of enchant weapon
 i - a scroll of identify {@r1}
 j - a scroll of amnesia
 o - 2 scrolls of blinking {unknown}
 p - a scroll of fear
Potions
 d - 2 potions of heal wounds {unknown}
 e - 3 potions of degeneration
 f - a potion of attraction {unknown}
 g - a potion of berserk rage {unknown}
 k - 2 potions of haste {@q3}
 l - 2 potions of curing {unknown}
 q - a potion of cancellation {unknown}
 r - a potion of mutation


   Skills:
 + Level 2.4 Fighting
 + Level 3.1 Dodging
 + Level 3.9 Unarmed Combat
 + Level 3.6 Shapeshifting


You had 4 spell levels left.
You didn't know any spells.
Your spell library contained the following spells:

 Spells                   Type           Power      Damage    Failure   Level
 Freeze                   Ice            0%         1d3       36%         1
 Sandblast                Erth           0%         2d4       36%         1
 Passwall                 Tmut/Erth      0%         N/A       50%         2
 Frozen Ramparts          Ice            0%         1d1       75%         3
 Hailstorm                Conj/Ice       0%         3d3       75%         3
 Stone Arrow              Conj/Erth      0%         3d7       75%         3


Dungeon Overview and Level Annotations

Branches:
Dungeon (3/15)              Sewer (1/1)

Altars:
Dithmenos

Shops:
D:2 (


Innate Abilities, Weirdness & Mutations

You are a hulking beast.
Your limbs bulge with bestial killing power. (Slay +2)
You cannot wear most types of armour.
You are amphibious.
You can wear up to eight rings at the same time.
Your skin changes colour to match your surroundings (Stealth+).
Your rubbery body absorbs attacks. (AC +1, EV +1)
((You are camouflaged when in or above water. (Stealth+)))
You have tentacles for arms and can constrict up to eight enemies at once.


Message History

You tentacle-slap the river rat.
You kill the river rat!
The river rat bites you. The river rat barely misses you.
You take 3 damage, and have 32/35 hp.
The river rat attacks as you move away! The river rat completely misses you.
You closely miss the river rat. You grab the river rat.
You squeeze the river rat.
The river rat is lightly wounded.
You constrict the river rat.
The river rat escapes!
You closely miss the river rat. You grab the river rat.
You squeeze the river rat.
The river rat is heavily wounded.
You constrict the river rat. The river rat misses you.
The river rat barely misses you.
You tentacle-slap the river rat. Your grab misses the river rat.
The river rat is lightly wounded.
You constrict the river rat. The river rat bites you!
The river rat closely misses you. The river rat bites you!
You take 18 damage, and have 15/35 hp.
MASSIVE DAMAGE!!
You tentacle-slap the river rat. You grab the river rat.
The river rat is moderately wounded.
You constrict the river rat.
You constrict the river rat, but do no damage.
The river rat closely misses you. The river rat bites you.
The river rat closely misses you.
You take 1 damage, and have 14/35 hp.
You tentacle-slap the river rat but do no damage.
Your grab misses the river rat. You constrict the river rat.
You kill the river rat!
You constrict the river rat, but do no damage.
You closely miss the river rat. Your grab misses the river rat.
You constrict the river rat, but do no damage.
The river rat barely misses you. The river rat bites you!
* * * LOW HITPOINT WARNING * * *
You take 7 damage, and have 7/35 hp.
You tentacle-slap the river rat. Your grab misses the river rat.
Your squeeze misses the river rat.
The river rat is moderately wounded.
You constrict the river rat. The river rat bites you!
You die...

#.#..#.##~≈~#
###..####~≈~#
#..# #~≈~#
###..####~≈~#
#.#..#.##~≈~#
#.'..'.##~≈~#
#†'..'.##~≈~#
#.#rr#.##~≈~#
###.h####†≈~#
#..# #~≈.#
#∩∩# #~≈.#
#### #~≈~#
#.≈~# #~≈~#
#.≈~#
########~≈~#
.~~~.~†~~≈.#


You could see 2 river rats.

Vanquished Creatures
  5 adders
  3 river rats (Sewer)
  2 worms (Sewer)
  A dart slug (D:2)
  5 endoplasms (D:2)
  6 giant cockroaches
  2 hobgoblins
  6 jackals
  5 kobolds
  3 quokkas
  4 ball pythons
  11 bats
  5 frilled lizards
  3 goblins
  3 rats
64 creatures vanquished.

Notes
Turn   | Place    | Note
-------+----------+-------------------------------------------
     0 | D:1      | Ofeo the Octopode Shapeshifter began the quest for the Orb.
     0 | D:1      | Reached XP level 1. HP: 13/13 MP: 1/1
   693 | D:1      | Reached XP level 2. HP: 18/18 MP: 2/2
  1610 | D:2      | Reached XP level 3. HP: 17/23 MP: 3/3
  1622 | D:2      | Found a shadowy altar of Dithmenos.
  1969 | D:2      | Found a transporter.
  1970 | D:2      | Found Avuafrau's Antique Weapon Shop.
  1973 | D:2      | Found a transporter.
  2181 | D:2      | Reached XP level 4. HP: 29/29 MP: 4/4
  2659 | D:3      | Found a glowing drain.
  2663 | Sewer    | Entered a sewer
  3063 | Sewer    | Reached XP level 5. HP: 23/34 MP: 5/5
  3243 | Sewer    | Slain by a river rat

Illustrated notes

Levels and vault maps discovered:
D:1:      reono_arrival_forest_river, layout_basic, minmay_tromino_v7
D:2:      layout_basic, serial_aquarium, aquarium_bridge_long_joined
          [aquarium_subvault_wall, aquarium_subvault_wall,
          aquarium_subvault_bridge, aquarium_subvault_balcony,
          aquarium_subvault_window, aquarium_subvault_bridge],
          aquarium_window_1, aquarium_window_2, aquarium_window_1,
          aquarium_window_1, aquarium_view_2e, aquarium_view_2e,
          aquarium_balcony_3b, basic_altar, serial_shops, nicolae_shop_drivethru
D:3:      layout_loops_ring, gup_sewer_entry_bowl, st_stairs_1, uniq_grinder
Sewer:    sewer_fruit_machine

Skill      XL: |  1  2  3  4 |
---------------+-------------+-----
Fighting       | 2 |  2.4
Dodging        | 3 |  3.1
Unarmed Combat | |  3.9
Shapeshifting  | |  3.6

Action                     |  1- 3 |  4- 6 || total
---------------------------+-------+-------++-------
  Melee: Unarmed           |    52 |    77 ||   129
         Constrict         |     9 |    21 ||    30
         Tentacles         |     5 |    18 ||    23
         Punch             |       |     1 ||     1
    Use: Scroll            |     5 |       ||     5
         Potion            |       |     1 ||     1
   Stab: Sleeping          |     4 |     8 ||    12
 Armour: Skin              |     5 |    20 ||    25
  Dodge: Dodged            |    25 |    58 ||    83

Table legend: (Time is in decaauts)
 A = Elapsed time spent in this place.
 B = Non-inter-level travel time spent in this place.
 C = Inter-level travel time spent in this place.
 D = Time resting spent in this place.
 E = Time spent auto-exploring this place.
 F = Levels seen in this place.
 G = Mean time per level.
                   A        B        C        D        E       F      G
               +--------+--------+--------+--------+--------+-----+--------+
         Total |   3233 |   3139 |     94 |    511 |   2142 |   4 |  808.2 |
       Dungeon |   2657 |   2563 |     94 |    179 |   2024 |   3 |  885.7 |
         Sewer |    575 |    575 |      0 |    332 |    118 |   1 |  575.0 |
               +--------+--------+--------+--------+--------+-----+--------+

Top non-repeatable levels by time:
     D:1: 1378 daAuts
     D:2: 1182 daAuts
   Sewer: 575 daAuts
     D:3: 96 daAuts
